 Dungeon Crawl Stone Soup version bcrawl-1.35.4b (webtiles) character file.

Game seed: 1224771957075748530

155020 Dulis131 the Firebug (level 6, -2/44 HPs)
             Began as a Human Fire Elementalist on Jan 29, 2022.
             Slain by a hobgoblin (6 damage)
             ... led by Robin
             ... on level 3 of the Dungeon.
             The game lasted 00:13:16 (2550 turns).

Dulis131 the Firebug (Human Fire Elementalist)      Turns: 2550, Time: 00:13:16

Health: -2/44      AC: 11    Str: 10    XL:     6   Next: 0%
Magic:  9/9        EV:  5    Int: 16    God:
Gold:   230        SH:  0    Dex: 13    Spells: 6/9 levels left

rFire    . . .     SeeInvis .   s - +0 spear (distort)
rCold    . . .     Gourm    .   (no shield)
rNeg     . . .     Faith    .   u - +0 chain mail
rPois    .         Spirit   .   n - +0 helmet
rElec    .         Reflect  .   (no cloak)
rCorr    .                      g - +0 pair of gloves (curse)
MR       .....                  a - +0 pair of boots
Stlth    ..........             (no amulet)
HPRegen  0.14/turn              (no ring)
MPRegen  0.11/turn              (no ring)

@: no status effects
A: no striking features
a: no special abilities


You were on level 3 of the Dungeon.
You were hungry.

You visited 1 branch of the dungeon, and saw 3 of its levels.

You collected 230 gold pieces.

Inventory:

Hand Weapons
 l - a +0 hunting sling
 s - a +0 spear of distortion (weapon)
Missiles
 c - 840 stones (quivered)
 x - 547 arrows
Armour
 a - a +0 pair of boots (worn)
 g - a cursed +0 pair of gloves (worn)
 n - a +0 helmet (worn)
 u - a +0 chain mail (worn)
 A - a +0 robe of fire resistance
Jewellery
 t - an uncursed ring of poison resistance {unknown}
 y - a cursed amulet of rage
Wands
 B - a wand of paralysis (8)
Scrolls
 b - 2 scrolls of teleportation
 f - a scroll of remove curse {unknown}
 h - a scroll of immolation {unknown}
 i - a scroll of identify
 j - 2 scrolls of fog {unknown}
 k - a scroll of enchant armour
 m - a scroll of magic mapping {unknown}
 r - a scroll of enchant weapon {unknown}
 z - a scroll of amnesia {unknown}
Potions
 d - a potion of cancellation {unknown}
 o - 2 potions of heal wounds {unknown}
 p - 2 potions of curing {unknown}
 q - a potion of berserk rage {unknown}
 v - a potion of ambrosia {unknown}
Comestibles
 e - 6 rations {!d}


   Skills:
 * Level 1.8 Fighting
 * Level 2.7 Polearms
 - Level 1.5 Slings
 + Level 1.2 Armour
 + Level 3.1 Dodging
 - Level 2.4 Stealth
 - Level 2.2 Spellcasting
 - Level 1.3 Conjurations
 - Level 4.1 Fire Magic


You had 6 spell levels left.
You knew the following spells:

 Your Spells              Type           Power        Failure   Level  Hunger
a - Flame Tongue          Conj/Fire      ##...        99%         1    None
b - Flaming Arrows        Chrm/Fire      #.......     100%        2    ##.....

Your spell library contained the following spells:

 Spells                   Type           Power        Failure   Level  Hunger
 Conjure Flame            Conj/Fire      ##......     100%        3    ####...
 Inner Flame              Hex/Fire       N/A          100%        3    ####...
 Sticky Flame             Conj/Fire      ##......     100%        4    ######.
 Fireball                 Conj/Fire      ##........   100%        5    #######


Dungeon Overview and Level Annotations

Branches:
Dungeon (3/12)

Altars:

Annotations:
D:3 Robin


Message History

You kill the hobgoblin!
The goblin hits you with a +0 club.
* * * LOW HITPOINT WARNING * * *
The hobgoblin hits you.
* * * LOW HITPOINT WARNING * * *
You have reached level 6!
Your experience leads to an increase in your attributes!
Increase (S)trength, (I)ntelligence, or (D)exterity?
You feel stronger.
You hit the hobgoblin.
The hobgoblin looks slightly unstable.
The hobgoblin is lightly wounded.
The kobold hits you but does no damage.
The hobgoblin hits you but does no damage.
The goblin barely misses you.
You hit the hobgoblin.
The hobgoblin is almost dead.
The hobgoblin disappears!
The kobold hits you with a +0 club.
* * * LOW HITPOINT WARNING * * *
The hobgoblin hits you.
You die...

.....#..........................#
.....#......<..##...............#
.....###.......##<#.............#
..................#............##
.....)............#...#####....#.
......................#........#.
.................r....#......#...
...g...........##g.............#.
..g†..........gg@g......)........
..##.....##...†##K.....##........
..##.....##.......)..............
####.....##...g..................
#...g.#####.g.................
#....[g...gg.............##...
#....#......###..........#....
#...........###........###....
#...............)......###....


You could see a quokka, 2 hobgoblins, 2 goblins and a kobold.

Vanquished Creatures
  A crimson imp (D:3)
  Jessica (D:3)
  A hound zombie (D:3)
  2 adders (D:3)
  2 oozes
  5 worms
  A dart slug (D:2)
  7 orcs (D:3)
  2 ball pythons
  5 bats
  6 goblins
  9 hobgoblins
  8 jackals
  A quokka (D:3)
  5 frilled lizards
  5 kobolds
  3 rats
64 creatures vanquished.

Notes
Turn   | Place    | Note
-------+----------+-------------------------------------------
     0 | D:1      | Dulis131 the Human Fire Elementalist began the quest for
                  | the Orb.
     0 | D:1      | Reached XP level 1. HP: 13/13 MP: 3/3
    93 | D:1      | Reached XP level 2. HP: 17/19 MP: 1/5
   237 | D:1      | Reached skill level 4 in Fire Magic
   629 | D:2      | Reached XP level 3. HP: 24/24 MP: 4/6
   632 | D:2      | Learned a level 2 spell: Flaming Arrows
   665 | D:2      | Reached skill level 1 in Slings
  1847 | D:3      | Reached XP level 4. HP: 22/31 MP: 7/7
  1863 | D:3      | Reached skill level 1 in Polearms
  1869 | D:3      | HP: 1/31 [crimson imp (3)]
  2042 | D:3      | Reached skill level 1 in Fighting
  2042 | D:3      | Reached XP level 5. HP: 35/37 MP: 8/8
  2193 | D:3      | Noticed Jessica
  2223 | D:3      | Killed Jessica
  2243 | D:3      | Reached skill level 1 in Armour
  2502 | D:3      | Noticed Robin
  2549 | D:3      | Reached XP level 6. HP: 6/44 MP: 9/9
  2550 | D:3      | Slain by a hobgoblin

Skill      XL: |  1  2  3  4  5 |
---------------+----------------+-----
Fire Magic     | 4 |  4.1
Slings         | 1 |  1.5
Polearms       | 1 2 |  2.7
Fighting       | 1 |  1.8
Dodging        | 3 |  3.1
Armour         | 1 |  1.2
Stealth        | |  2.4
Spellcasting   | |  2.2
Conjurations   | |  1.3

Action                   |  1- 3 |  4- 6 || total
-------------------------+-------+-------++-------
Melee: Spear             |    39 |   129 ||   168
 Fire: Hunting sling     |    41 |       ||    41
Throw: Stone             |    11 |       ||    11
 Cast: Flame Tongue      |    29 |       ||    29
       Flaming Arrows    |     2 |       ||     2
  Use: Scroll            |     3 |     1 ||     4
 Stab: Sleeping          |     1 |       ||     1
  Eat: Chunk             |     3 |     1 ||     4
       Ration            |     1 |     1 ||     2
Armor: Robe              |    22 |       ||    22
       Chain mail        |     6 |   104 ||   110
Dodge: Dodged            |    45 |    14 ||    59
